 Dungeon Crawl Stone Soup version 0.29-a0-322-g68df515428 (webtiles) character file.

Game seed: 2230012174780312965

3775 Ijustatesigmund the Thaumaturge (level 9, -5/47 HPs)
             Began as a Deep Elf Fire Elementalist on Apr 5, 2022.
             Was a High Priest of Cheibriados.
             Slain by an orc warrior
             ... wielding a +2 war axe of freezing
              (12 damage)
             ... on level 7 of the Dungeon on Apr 6, 2022.
             The game lasted 00:21:14 (10607 turns).

Ijustatesigmund the Thaumaturge (DEFE)             Turns: 10607, Time: 00:21:15

Health: -5/47      AC: 10    Str: 23    XL:     9   Next: 95%
Magic:  22/33      EV: 18    Int: 37    God:    Cheibriados [*****.]
Gold:   306        SH:  0    Dex: 27    Spells: 19/26 levels left

rFire   + . .      SeeInvis .   e - +3 rapier (venom)
rCold   . . .      Faith    .   (no shield)
rNeg    . . .      Spirit   .   a - +2 leather armour {rF+}
rPois   .          Reflect  .   l - +0 helmet
rElec   .          Harm     .   i - +1 cloak
rCorr   .          Rampage  .   k - +1 pair of gloves
Will    .....                   (no boots)
Stlth   +++.......              (no amulet)
HPRegen 0.15/turn               f - +6 ring of strength
MPRegen 0.23/turn               q - ring of magical power

@: lethally poisoned (-5 -> -13), about to teleport, very slow
A: no striking features
a: Renounce Religion, Bend Time, Temporal Distortion, Slouch, Step From Time


You were on level 7 of the Dungeon.
You worshipped Cheibriados.
Cheibriados was extremely pleased with you.
You visited 1 branch of the dungeon, and saw 7 of its levels.
You also visited: Sewer and Ossuary.

You collected 366 gold pieces.
You spent 60 gold pieces at shops.

Inventory:

Hand Weapons
 e - a +3 rapier of venom (weapon)
 A - a +7 dagger of venom
Missiles
 c - 18 poisoned darts
 j - a throwing net
Armour
 a - a +2 leather armour of fire resistance (worn)
 i - a +1 cloak (worn)
 k - a +1 pair of gloves (worn)
 l - a +0 helmet (worn)
Jewellery
 f - a +6 ring of strength (left hand)
 q - a ring of magical power (right hand)
Wands
 s - a wand of iceblast (6)
 u - a wand of flame (18)
Scrolls
 p - 2 scrolls of torment
 v - a scroll of silence
 x - a scroll of teleportation
Potions
 b - 2 potions of magic
 d - 6 potions of cancellation
 h - 5 potions of attraction
 m - 6 potions of brilliance
 n - 2 potions of heal wounds
 o - a potion of resistance
 r - 2 potions of lignification
 t - a potion of flight
 w - 4 potions of curing
 z - 2 potions of mutation {unknown}


   Skills:
 + Level 1.1 Fighting
 - Level 1.1 Short Blades
 + Level 1.0 Armour
 - Level 6.9 Dodging
 - Level 2.4 Stealth
 + Level 9.3 Spellcasting
 + Level 7.4 Conjurations
 + Level 8.2 Fire Magic
 + Level 5.7 Invocations


You had 19 spell levels left.
You knew the following spells:

 Your Spells              Type           Power      Damage    Failure   Level
a - Foxfire               Conj/Fire      100%       2x1d9     1%          1
b - Scorch                Fire           100%       2d10      1%          2
c - Flame Wave            Conj/Fire      66%        2d12      1%          4

Your spell library contained the following spells:

 Spells                   Type           Power      Damage    Failure   Level
 Conjure Flame            Conj/Fire      66%        6-21      1%          3
 Inner Flame              Hex/Fire       47%        N/A       1%          3
 Sublimation of Blood     Necr           17%        N/A       4%          2
 Wereblood                Tmut           17%        N/A       4%          2
 Confusing Touch          Hex            17%        N/A       9%          3
 Frozen Ramparts          Ice            34%        1d5       9%          3
 Summon Guardian Golem    Hex/Summ       17%        N/A       9%          3
 Ice Form                 Ice/Tmut       17%        N/A       26%         4
 Summon Ice Beast         Ice/Summ       17%        N/A       26%         4
 Yara's Violent Unravell  Hex/Tmut       8%         3d5       58%         5
 Orb of Destruction       Conj           32%        9d10      71%         7
 Spellforged Servitor     Conj/Summ      22%        N/A       99%         7
 Enfeeble                 Hex            8%         N/A       100%        7
 Summon Hydra             Summ           8%         N/A       100%        7


Dungeon Overview and Level Annotations

Branches:
Dungeon (7/15)             Temple (0/1) D:6           Sewer (visited)
Ossuary (visited)

Altars:
Ashenzari
Cheibriados
Dithmenos
Kikubaaqudgha
Nemelex Xobeh
Okawaru
Trog
Wu Jian
Zin
The Shining One

Shops:
D:5 =   D:6 *


Message History

The orc warrior hits you with a +2 war axe of freezing!
The orc warrior freezes you.
You feel better. The orc wizard closely misses you.
The orc warrior hits you with a +2 war axe of freezing!
The orc warrior freezes you.
Casting: Scorch (safe; 1% risk of failure)
Confirm with . or Enter, or press ? or * to list all spells.
Casting: Flame Wave (dangerous; 1% risk of failure)
Press: ? - help, Dir - look around, f - activate A wave of flame ripples out!
The flame wave engulfs the orc warrior.
The orc warrior is heavily wounded. (Press . to intensify the flame waves.)
The orc wizard hits you from afar with a +0 halberd of venom.
* * * LOW HITPOINT WARNING * * *
You are lethally poisoned!
The orc warrior hits you with a +2 war axe of freezing!
* * * LOW HITPOINT WARNING * * *
The orc warrior freezes you.
* * * LOW HITPOINT WARNING * * *
You feel much better.
You feel very sick.
The orc wizard is no longer more vulnerable to fire.
An orc comes into view. It is wielding a +0 whip.
The orc wizard hits you but does no damage.
The orc warrior hits you with a +2 war axe of freezing!
* * * LOW HITPOINT WARNING * * *
The orc warrior freezes you.
* * * LOW HITPOINT WARNING * * *
Okay, then.
You feel much better.
You feel sick. The orc wizard misses you.
The orc warrior hits you with a +2 war axe of freezing!
* * * LOW HITPOINT WARNING * * *
The orc warrior freezes you.
* * * LOW HITPOINT WARNING * * *
As you read the scroll of teleportation, it crumbles to dust.
You feel strangely unstable.
* * * LOW HITPOINT WARNING * * *
You feel sick. The orc wizard misses you.
The orc warrior hits you with a +2 war axe of freezing!
You die...

**,*,**,* *..,,,* #.## *,*,**,*
*....,* #... #,*,**,*
####.#######..# #.*,**,*
#.............. *..,,,,*
#.........##...
*********###.**####.#..##...###..
,,,,,,,,,.....,,..[.#............
,,,,,,***..#..o###..#..........#.
,***,,***......o@...#.......####.
,*,,,,,,*..#..###.....)..<#......
,,,*,,*,,...,,* #...[).[)######..
,,,,,,***.,,,,**#..##)))## #.#
,***,,,,,,,*,,.....##.(.# #.*
,,,,,****,,,,...#####...# #.*
****** ****,###* #...# #.*
************,** #...# #.*
,,,,,,,,,**,,,* #...# #.,


You could see an orc warrior (resistant, combustible) and an orc wizard
(strong).

Vanquished Creatures
  Grinder (D:3)
  Sigmund (D:2)
  A wyvern (D:7)
  Menkaure (D:5)
  Edmund (D:6)
  Duvessa (D:7)
  An ice beast (D:7)
  2 sky beasts
  3 black bears
  An ogre (D:5)
  A centaur (D:5)
  4 phantoms
  2 kobold brigands (D:6)
  An elf zombie (D:7)
  Blork the orc (D:6)
  3 necrophages (D:6)
  4 scorpions
  3 water moccasin zombies (Ossuary)
  3 elf skeletons (D:7)
  Dowan (D:7)
  A howler monkey (D:6)
  A jelly (D:4)
  4 hounds
  Crazy Yiuf (D:6)
  2 orc priests
  2 human skeletons (D:7)
  3 iguanas
  5 orc wizards
  2 mummies (Ossuary)
  4 gnolls (D:4)
  10 adders
  2 river rats (Sewer)
  An ufetubus (D:3)
  5 adder zombies (Ossuary)
  3 worms
  6 dart slugs
  24 orcs
  A bat (D:2)
  5 endoplasms
  2 giant cockroaches
  4 goblins
  9 hobgoblins
  8 jackals
  9 ball pythons
  9 frilled lizards
  3 gnoll zombies (Ossuary)
  9 hobgoblin zombies (Ossuary)
  11 kobolds
  5 kobold zombies (Ossuary)
  6 orc zombies (Ossuary)
  11 rats
204 creatures vanquished.

Vanquished Creatures (others)
  413 foxfires
  2 fungi (D:6)
415 creatures vanquished.

Grand Total: 619 creatures vanquished

Notes
Turn   | Place    | Note
-------+----------+-------------------------------------------
     0 | D:1      | Ijustatesigmund the Deep Elf Fire Elementalist began the
                  | quest for the Orb.
     0 | D:1      | Reached XP level 1. HP: 10/10 MP: 6/6
   248 | D:1      | Reached XP level 2. HP: 15/15 MP: 2/8
   397 | D:1      | Learned a level 2 spell: Scorch
  1235 | D:2      | Found a glowing silver altar of Zin.
  1265 | D:2      | Reached XP level 3. HP: 19/19 MP: 2/10
  1513 | D:2      | Noticed Sigmund
  1522 | D:2      | Killed Sigmund
  1523 | D:2      | Reached skill level 5 in Spellcasting
  1523 | D:2      | Reached XP level 4. HP: 24/24 MP: 4/13
  1523 | D:2      | Reached XP level 5. HP: 28/28 MP: 4/14
  2168 | D:2      | Found a faded altar of an unknown god.
  2478 | D:3      | Noticed Grinder
  2492 | D:3      | Killed Grinder
  2493 | D:3      | Reached skill level 6 in Spellcasting
  2493 | D:3      | Reached skill level 5 in Fire Magic
  2493 | D:3      | Reached XP level 6. HP: 32/32 MP: 4/17
  3495 | D:3      | Found a snail-covered altar of Cheibriados.
  3504 | D:3      | Became a worshipper of Cheibriados the Contemplative
  3813 | D:4      | Found a bloodstained altar of Trog.
  3813 | D:4      | Found a shadowy altar of Dithmenos.
  3943 | D:4      | Found a glowing drain.
  3948 | Sewer    | Entered a sewer
  4175 | Sewer    | Reached * piety under Cheibriados
  4212 | Sewer    | Reached XP level 7. HP: 36/36 MP: 15/18
  4974 | D:4      | Reached skill level 1 in Short Blades
  4974 | D:4      | Reached skill level 1 in Invocations
  5090 | D:4      | Learned a level 4 spell: Flame Wave
  5118 | D:4      | Reached ** piety under Cheibriados
  5222 | D:4      | Reached skill level 1 in Fighting
  5722 | D:5      | Entered Level 5 of the Dungeon
  5821 | D:4      | Reached skill level 5 in Conjurations
  5821 | D:4      | Reached XP level 8. HP: 29/43 MP: 5/20
  6029 | D:5      | Reached skill level 7 in Spellcasting
  6138 | D:5      | Found Tahevu's Jewellery Emporium.
  6230 | D:5      | Noticed Menkaure
  6235 | D:5      | Killed Menkaure
  6242 | D:5      | Reached *** piety under Cheibriados
  6243 | D:5      | Reached skill level 5 in Dodging
  7112 | D:6      | Reached skill level 8 in Spellcasting
  7161 | D:6      | Reached XP level 9. HP: 32/47 MP: 19/23
  7435 | D:6      | Noticed Edmund
  7443 | D:6      | Killed Edmund
  7444 | D:6      | Noticed Blork the orc
  7471 | D:6      | Killed Blork the orc
  7650 | D:6      | Found Tienlixt's General Store.
  7752 | D:6      | Bought a potion of heal wounds for 60 gold pieces
  7766 | D:6      | Found a staircase to the Ecumenical Temple.
  8209 | D:6      | Found a runed translucent door.
  8210 | D:6      | Noticed Crazy Yiuf
  8219 | D:6      | Killed Crazy Yiuf
  8384 | D:6      | Found a glowing golden altar of the Shining One.
  8434 | D:6      | Found a broken altar of Ashenzari.
  8440 | D:6      | Found an ancient bone altar of Kikubaaqudgha.
  8440 | D:6      | Found an iron altar of Okawaru.
  8445 | D:6      | Found a sparkling altar of Nemelex Xobeh.
  8530 | D:7      | Noticed Duvessa
  8550 | D:7      | Reached **** piety under Cheibriados
  8565 | D:7      | Reached skill level 5 in Invocations
  8622 | D:7      | Found a sand-covered staircase.
  8664 | Ossuary  | Entered an ossuary
  9442 | Ossuary  | Reached ***** piety under Cheibriados
  9724 | Ossuary  | Reached skill level 9 in Spellcasting
 10246 | D:7      | Noticed Dowan
 10250 | D:7      | Killed Dowan
 10257 | D:7      | Killed Duvessa
 10361 | D:7      | Upgraded the game from 0.29-a0-321-gf1c400731a to
                  | 0.29-a0-322-g68df515428
 10402 | D:7      | Found an ornate altar of the Wu Jian Council.
 10434 | D:7      | Reached skill level 1 in Armour
 10604 | D:7      | HP: 1/47 [orc warrior/+2 war axe of freezing (4)]
 10607 | D:7      | Slain by an orc warrior

Illustrated notes

Levels and vault maps discovered:
D:1:      lemuel_arrival_room, layout_loops_ring, serial_glass, glass_columns_a,
          glass_columns_a, minmay_strange_pillars
D:2:      layout_loops_ring, hellmonk_ecumenical_altar_leap_of_faith,
          basic_altar, uniq_sigmund
D:3:      layout_basic, lemuel_coloured_pillars_altar, uniq_grinder
D:4:      layout_loops_ring, chequers_temple_overflow_statue_of_worship,
          portal_sewer_entry_e
D:5:      layout_cave_pools, serial_shops, nicolae_diamond_shop, uniq_menkaure
D:6:      layout_loops_ring, kennysheep_mini, grunt_temple_overflow_open,
          temple_doors_e, serial_shops, nicolae_stop_n_shop_1,
          uniq_crazy_yiuf_cottage, uniq_blork_the_orc, uniq_edmund
D:7:      layout_loops_cross, mainiacjoe_overflow_catwalk,
          nicolae_ossuary_entry_catacombs, uniq_duvessa

Skill      XL: |  1  2  3  4  5  6  7  8  9 |
---------------+----------------------------+-----
Conjurations   | 2 3 4 5 6 7 |  7.4
Spellcasting   | 5 6 8 9 |  9.3
Fire Magic     | 4 5 6 7 8 |  8.2
Short Blades   | 1 |  1.1
Invocations    | 2 4 5 |  5.7
Fighting       | 1 |  1.1
Dodging        | 3 5 6 |  6.9
Armour         | 1 |  1.0
Stealth        | |  2.4

Action                   |  1- 3 |  4- 6 |  7- 9 || total
-------------------------+-------+-------+-------++-------
Melee: Short sword       |       |       |     1 ||     1
       Rapier            |       |       |     2 ||     2
 Cast: Foxfire           |    37 |    90 |   133 ||   260
       Scorch            |     5 |     8 |    96 ||   109
       Flame Wave        |       |       |    20 ||    20
Evoke: Wand              |       |       |     3 ||     3
  Use: Scroll            |     8 |     3 |    10 ||    21
       Potion            |       |       |     5 ||     5
Armor: Robe              |     3 |     9 |    34 ||    46
       Leather armour    |       |       |     2 ||     2
Dodge: Dodged            |    14 |    14 |    87 ||   115

Table legend: (Time is in decaauts)
 A = Elapsed time spent in this place.
 B = Non-inter-level travel time spent in this place.
 C = Inter-level travel time spent in this place.
 D = Time resting spent in this place.
 E = Time spent auto-exploring this place.
 F = Levels seen in this place.
 G = Mean time per level.
                   A        B        C        D        E       F      G
               +--------+--------+--------+--------+--------+-----+--------+
         Total |  12068 |  11841 |    227 |   3725 |   6439 |   9 | 1340.9 |
       Dungeon |   9966 |   9739 |    227 |   2497 |   5897 |   7 | 1423.7 |
         Sewer |    836 |    836 |      0 |    195 |    459 |   1 |  836.0 |
       Ossuary |   1264 |   1264 |      0 |   1033 |     82 |   1 | 1264.0 |
               +--------+--------+--------+--------+--------+-----+--------+

Top non-repeatable levels by time:
     D:4: 1972 daAuts
     D:6: 1818 daAuts
     D:3: 1603 daAuts
     D:5: 1292 daAuts
 Ossuary: 1264 daAuts
     D:1: 1106 daAuts
     D:2: 1091 daAuts
     D:7: 1081 daAuts
   Sewer: 836 daAuts
